AoeStats
← 唐火火

African Clearing

510603386Analyzed
4v4 RM · 9h ago on Oct 1, 2026· 45m 58s· 8 players
Game mode
Random Map
Map size
Large (8 player)
Population
200
Speed
Normal
Resources
Standard
Victory
Conquest
Starting age
Dark Age
Ending age
Imperial Age
RankedLock teamsTeams togetherTeam positionsShared explorationLock speedFull tech treeHidden civsTurbo modeCheats
Victory
Defeat
🇨🇳 Armenians · China
1567
+7
🇨🇳 Vietnamese · China
1503
+9
🇨🇳 Italians · China
1411
+13
🇨🇳 Jurchens · China
1251
+19
🇫🇷 Berbers · France
1429
-15
🇦🇷 Koreans · Argentina
1372
-13
🇺🇾 Dravidians · Uruguay
1293
-10
🇨🇿 Goths · Czechia
1282
-10
bao
10:36 Loom
12:35 Feudal Age
17:36 Castle Age
17:15 Double-Bit Axe
19:49 Bow Saw
28:47 Wheelbarrow
29:29 Horse Collar
30:43 Gold Mining
31:23 Fletching
31:33 Padded Archer Armor
31:46 Bloodlines
31:37 Husbandry
32:36 Hand Cart
33:58 Gold Shaft Mining
33:40 Bodkin Arrow
34:02 Leather Archer Armor
39:22 Imperial Age
38:09 Stone Mining
40:12 Bracer
40:43 Ring Archer Armor
40:50 Ballistics
41:10 Elite Camel Archer
43:17 Maghrebi Camels
[82AD] WindCraft
3:49 Loom
13:46 Feudal Age
14:19 Man-at-Arms
16:43 Forging
21:15 Castle Age
21:59 Long Swordsman
24:12 Iron Casting
27:35 Double-Bit Axe
27:43 Horse Collar
31:16 Anarchy
32:29 Squires
33:50 Wheelbarrow
34:29 Pikeman
35:20 Heavy Plow
35:51 Bow Saw
38:12 Hand Cart
39:32 Scale Mail Armor
44:44 Imperial Age
Kempachi
13:12 Feudal Age
13:47 Loom
17:43 Castle Age
17:43 Double-Bit Axe
19:06 Wheelbarrow
19:34 Bow Saw
20:10 Horse Collar
29:49 Scale Barding Armor
29:54 Forging
30:43 Heavy Plow
36:21 Imperial Age
35:14 Town Watch
36:18 Husbandry
37:08 Chain Barding Armor
37:23 Iron Casting
38:10 Fletching
38:20 Padded Archer Armor
38:23 Crossbowman
39:10 Thumb Ring
39:29 Bodkin Arrow
40:37 Chemistry
39:14 Arbalester
40:45 Ballistics
41:09 Leather Archer Armor
42:09 Elite Skirmisher
43:58 Ring Archer Armor
44:29 Bracer
MATE
8:47 Loom
14:06 Feudal Age
20:22 Castle Age
19:39 Double-Bit Axe
19:46 Fletching
23:29 Bodkin Arrow
29:05 Ballistics
29:28 Wheelbarrow
35:27 Hand Cart
42:32 Imperial Age
43:57 Bracer
45:13 Chemistry
44:43 Conscription
唐火火
12:46 Feudal Age
11:01 Loom
13:25 Double-Bit Axe
17:53 Castle Age
15:50 Gold Mining
15:51 Stone Mining
17:26 Wheelbarrow
17:35 Horse Collar
23:48 Bow Saw
27:45 Fletching
28:45 Treadmill Crane
32:38 Imperial Age
30:57 Stone Shaft Mining
31:16 Ballistics
30:59 Padded Archer Armor
31:01 Bodkin Arrow
32:42 Hand Cart
33:05 Heavy Plow
33:42 Leather Archer Armor
33:45 Thumb Ring
34:17 Bracer
35:23 Chemistry
35:37 Two-Man Saw
36:31 Ring Archer Armor
37:36 Paper Money
37:04 Elite Rattan Archer
37:52 Town Watch
40:00 Siege Engineers
Daily
11:19 Feudal Age
11:30 Man-at-Arms
12:11 Long Swordsman
12:56 Arson
14:38 Loom
23:03 Castle Age
22:05 Double-Bit Axe
22:01 Horse Collar
22:13 Gold Mining
22:15 Stone Mining
22:17 Fletching
23:53 Wheelbarrow
24:44 Bodkin Arrow
24:50 Padded Archer Armor
26:55 Ballistics
35:46 Imperial Age
34:33 Leather Archer Armor
35:10 Bow Saw
35:39 Gold Shaft Mining
37:32 Chemistry
36:34 Bracer
37:38 Ring Archer Armor
39:46 Elite Composite Bowman
41:59 Fereters
42:58 Hand Cart
42:30 Town Watch
43:48 Town Patrol
43:52 Scale Mail Armor
44:03 Forging
43:14 Pikeman
43:54 Squires
46:07 Squires
46:23 Chain Mail Armor
860
7:47 Loom
13:29 Feudal Age
18:42 Castle Age
16:50 Double-Bit Axe
17:44 Horse Collar
20:54 Bow Saw
24:29 Heavy Plow
24:41 Forging
24:23 Fletching
24:39 Scale Barding Armor
26:02 Wheelbarrow
26:51 Iron Casting
27:36 Chain Barding Armor
28:44 Hand Cart
28:15 Town Watch
29:30 Bodkin Arrow
34:33 Imperial Age
32:14 Husbandry
32:24 Bloodlines
32:33 Gold Mining
32:34 Stone Mining
34:37 Stone Shaft Mining
35:27 Bloodlines
34:38 Elite Steppe Lancer
39:55 Plate Barding Armor
40:21 Blast Furnace
40:33 Gold Shaft Mining
46:26 Conscription
93老玩家回归
12:25 Feudal Age
14:49 Loom
17:32 Castle Age
15:34 Double-Bit Axe
17:20 Fishing Lines
25:44 Wheelbarrow
25:21 Gillnets
28:58 Bow Saw
30:39 Gold Mining
34:01 Imperial Age
32:45 Hand Cart
32:16 Town Watch
32:35 Scale Mail Armor
32:28 Fletching
32:39 Padded Archer Armor
32:55 Thumb Ring
33:20 Treadmill Crane
34:01 Ballistics
33:39 Bodkin Arrow
33:38 Stone Mining
34:15 Horse Collar
36:15 Chemistry
35:18 Bracer
35:34 Leather Archer Armor
35:42 Conscription
34:42 Elite Genoese Crossbowman
35:47 Heavy Plow
36:51 Two-Man Saw
36:31 Stone Shaft Mining
38:08 Ring Archer Armor
39:15 Bombard Tower
39:05 Masonry
38:52 Murder Holes
43:32 Scale Mail Armor
44:07 Architecture
44:57 Pirotechnia
Connection lost

Rejoining the realm…

Still unreachable

The connection could not be restored.

Session expired

The server has moved on; the page needs a fresh start.